 Dungeon Crawl Stone Soup version 0.31-a0-1019-g3dd9dd1025 (webtiles) character file.

Game seed: 7495129701698131241

734 BinkBink the Trooper (level 7, -8/64 HPs)
             Began as a Minotaur Berserker on Nov 17, 2023.
             Was a Priest of Trog.
             Killed by an exploding ogre (16 damage)
             ... ignited by their inner flame
             ... on level 5 of the Dungeon.
             The game lasted 00:04:19 (3288 turns).

BinkBink the Trooper (Minotaur Berserker)           Turns: 3288, Time: 00:04:20

Health: -8/64      AC: 18    Str: 24    XL:     7   Next: 45%
Magic:  6/6        EV:  7    Int:  4    God:    Trog [***...]
Gold:   253        SH:  0    Dex:  9    Spells: 6/6 levels left

rFire   . . .        r - +0 spear (venom)
rCold   . . .        (no shield)
rNeg    . . .        C - +0 plate armour
rPois   .            (helmet restricted)
rElec   .            (no cloak)
rCorr   .            (no gloves)
SInv    +            l - +0 pair of boots
Will    .....        c - amulet of regeneration Stlth
                     j - ring of see invisible
HPRegen 1.10/turn    w - +4 ring of protection
MPRegen 0.10/turn

%: no passive effects
@: marked
A: horns 2, retaliatory headbutt
a: Renounce Religion, Berserk, Trog's Hand


You were on level 5 of the Dungeon.
You worshipped Trog.
Trog was most pleased with you.
You visited 1 branch of the dungeon, and saw 5 of its levels.

You collected 253 gold pieces.

Inventory:

Hand Weapons
 r - a +0 spear of venom (weapon)
Armour
 b - a +0 animal skin
 l - a +0 pair of boots (worn)
 C - a +0 plate armour (worn)
Jewellery
 c - an amulet of regeneration (around neck)
 j - a ring of see invisible (left hand)
 p - a +6 ring of intelligence
 w - a +4 ring of protection (right hand)
 z - a +6 ring of dexterity
 B - a ring of resist corrosion
Wands
 u - a wand of flame (13)
 A - a wand of charming (8)
Scrolls
 d - 5 scrolls of identify
 e - 2 scrolls of immolation
 h - a scroll of enchant weapon {unknown}
 o - 3 scrolls of noise
 q - 2 scrolls of silence
 s - 2 scrolls of fog {unknown}
 v - a scroll of amnesia {unknown}
 x - a scroll of blinking {unknown}
 y - a scroll of revelation {unknown}
Potions
 a - 2 potions of lignification {unknown}
 f - a potion of degeneration {unknown}
 g - a potion of haste {unknown}
 i - 5 potions of curing {unknown}
 k - a potion of berserk rage {unknown}
 m - a potion of invisibility {unknown}
 n - 2 potions of heal wounds {unknown}
 t - a potion of resistance {unknown}


   Skills:
 + Level 6.8 Fighting
 + Level 6.7 Polearms
 + Level 6.1 Armour
 - Level 2.1 Dodging


You had 6 spell levels left.
You didn't know any spells.
Your spell library was empty.

Dungeon Overview and Level Annotations

Branches:
Dungeon (5/15)
 Temple: D:4-7

Altars:
Ashenzari
Gozag
Nemelex Xobeh
Vehumet
Xom

Shops:
D:2 =   D:3 (


Innate Abilities, Weirdness & Mutations

You have a pair of horns on your head.
You reflexively headbutt those who attack you in melee.


Message History

Trog accepts your kill.
You feel a bit more experienced. The adder attacks as it pursues you!
The adder bites you but does no damage.
The ogre hits you with a +0 giant club!!
Your Armour skill increases to level 6!
You completely miss the ogre. The adder bites you but does no damage.
You hit the ogre.
The ogre is poisoned.
The ogre is moderately wounded.
The adder bites you but does no damage. The ogre hits you with a +0 giant club!
* * * LOW HITPOINT WARNING * * *
You hit the ogre but do no damage.
The ogre looks as sick as possible!
Your headbutt misses the ogre.
The ogre is moderately wounded.
The adder bites you.
* * * LOW HITPOINT WARNING * * *
The ogre completely misses you. The adder closely misses you.
You furiously retaliate!
You headbutt the adder, but do no damage.
A gnoll comes into view. It is wielding a +0 club.
As you read the scroll labelled XUBBEA IROES, it crumbles to dust.
You hear a loud clanging noise!
It was a scroll of noise.
The adder barely misses you.
As you read the scroll labelled QEVALU ESYLIG, it crumbles to dust.
The creatures around you are filled with an inner flame!
It was a scroll of immolation.
Flame seeps out of the ogre.
The adder barely misses you.
The ogre is engulfed in blazing flames.
Flame seeps out of the ogre.
The ogre closely misses you.
The gnoll bouda barks out a call to the hunt!
The gnoll picks up the pace!
As you read the scroll labelled GAMAIRGHISA, it crumbles to dust.
It is a scroll of identify.
q - 2 scrolls of silence Flame seeps out of the ogre.
The adder barely misses you. You furiously retaliate!
You headbutt the adder.
Flame seeps out of the adder.
A gnoll comes into view. It is wielding a +0 spear.
The ogre is engulfed in blazing flames.
Trog accepts your kill.
The ogre explodes!
The fiery explosion engulfs you!
You die...

####.. ####..... #.##.#..# #
#.##.#..# #. #.##....# #..
#.......# .. #####.#..##.#
#.##############.......###.#
####.......#gS@○§##.##...##
#..
#....$.....#o###§##.[..###
#.# #.......##gg........(..#
.. #.......##........######
#.......##.####...#
#..go..##..# #..## #...!..
#..# #..# ..S.... #..# #..#
....... #..# #..#


You could see a gnoll bouda (inner flame), 2 gnolls, an adder (inner flame) and
an orc (inner flame).

Vanquished Creatures
  Prince Ribbit (D:5)
  An ogre (D:5)
  2 phantoms (D:4)
  A scorpion (D:4)
  A jelly (D:5)
  An orc priest (D:5)
  A hound (D:5)
  A sleepcap (D:5)
  Robin (D:3)
  A gnoll (D:1)
  6 adders
  A shadow imp (D:4)
  2 ufetubi (D:5)
  5 worms
  A dart slug (D:1)
  7 orcs
  5 endoplasms
  2 giant cockroaches
  17 goblins
  7 hobgoblins
  8 jackals
  2 quokkas
  3 ball pythons
  8 bats
  3 frilled lizards
  5 kobolds
  5 rats
  A spectral goblin (D:2)
99 creatures vanquished.

Notes
Turn   | Place    | Note
-------+----------+-------------------------------------------
     0 | D:1      | BinkBink the Minotaur Berserker began the quest for the
                  | Orb.
     0 | D:1      | Reached XP level 1. HP: 19/19 MP: 0/0
     7 | D:1      | Noticed a merfolk zombie
    13 | D:1      | Noticed a minotaur zombie
    88 | D:1      | Reached XP level 2. HP: 27/27 MP: 1/1
   306 | D:1      | Reached XP level 3. HP: 33/33 MP: 2/2
   508 | D:2      | Found a faded altar of an unknown god.
   678 | D:2      | Reached ** piety under Trog
   790 | D:2      | Found Mungequegiju's Jewellery Shop.
  1151 | D:2      | Identified the +0 robe "Gumaed" {-Tele rC+ Int+7}
  1302 | D:3      | Found a shimmering altar of Xom.
  1327 | D:3      | Reached XP level 4. HP: 41/41 MP: 3/3
  1341 | D:3      | Found Watiw's Weapon Boutique.
  1652 | D:3      | Noticed Robin
  1685 | D:3      | Killed Robin
  1686 | D:3      | Reached skill level 5 in Fighting
  1904 | D:3      | Reached *** piety under Trog
  2058 | D:4      | Reached XP level 5. HP: 48/48 MP: 4/4
  2106 | D:4      | Reached skill level 5 in Polearms
  2319 | D:4      | Found an opulent altar of Gozag.
  2493 | D:4      | Noticed a phantom
  2507 | D:4      | Killed a phantom
  2534 | D:4      | Found a radiant altar of Vehumet.
  2723 | D:4      | Noticed a phantom
  2733 | D:4      | Killed a phantom
  2734 | D:4      | Reached XP level 6. HP: 55/57 MP: 5/5
  2796 | D:4      | Reached skill level 5 in Armour
  2886 | D:4      | Found a broken altar of Ashenzari.
  2999 | D:5      | Entered Level 5 of the Dungeon
  3125 | D:5      | Identified the flux talisman of the Worm {rPois Will+ Int-2
                  | Dex+3}
  3167 | D:5      | Found a sparkling altar of Nemelex Xobeh.
  3237 | D:5      | Reached XP level 7. HP: 64/64 MP: 6/6
  3269 | D:5      | Noticed Prince Ribbit
  3282 | D:5      | Killed Prince Ribbit
  3288 | D:5      | Killed by an exploding ogre... ignited by their inner flame

Illustrated notes

Levels and vault maps discovered:
D:1:      shiori_arrival_whats_in_store_for_you, layout_rooms,
          amcnicky_mini_rare_corridor_liquid
D:2:      layout_basic, serial_shops, nicolae_shop_behind_doors,
          dreamdust_ecumenical_altar_drowned_temple
D:3:      kennysheep_goblin_castle, layout_loops_cross, lemuel_round_altar,
          serial_shops, shop
D:4:      layout_basic, kennysheep_little_box, marbit_many_paths,
          mainiacjoe_overflow_six_doors_small, grunt_decor_mini_mirrors
D:5:      layout_basic, lemuel_round_altar, nemelex_spade_bored_becter,
          minmay_misc_feat_columns, uniq_prince_ribbit1

Skill      XL: |  1  2  3  4  5  6  7 |
---------------+----------------------+-----
Fighting       | 4 5 6 |  6.8
Polearms       | 4 5 6 |  6.7
Armour         | 3 4 5 6 |  6.1
Dodging        | |  2.1

Action                     |  1- 3 |  4- 6 |  7- 9 || total
---------------------------+-------+-------+-------++-------
  Melee: Spear             |   119 |   152 |    19 ||   290
         Headbutt          |     7 |    25 |     3 ||    35
         Punch             |     1 |     1 |       ||     2
    Use: Scroll            |       |       |     3 ||     3
   Stab: Sleeping          |     1 |       |       ||     1
 Armour: Animal skin       |    44 |    55 |       ||    99
         Plate armour      |       |     5 |    29 ||    34
  Dodge: Dodged            |    39 |    65 |    21 ||   125

Table legend: (Time is in decaauts)
 A = Elapsed time spent in this place.
 B = Non-inter-level travel time spent in this place.
 C = Inter-level travel time spent in this place.
 D = Time resting spent in this place.
 E = Time spent auto-exploring this place.
 F = Levels seen in this place.
 G = Mean time per level.
                   A        B        C        D        E       F      G
               +--------+--------+--------+--------+--------+-----+--------+
         Total |   3251 |   3065 |    186 |      0 |   2488 |   5 |  650.2 |
       Dungeon |   3251 |   3065 |    186 |      0 |   2488 |   5 |  650.2 |
               +--------+--------+--------+--------+--------+-----+--------+

Top non-repeatable levels by time:
     D:4: 945 daAuts
     D:3: 834 daAuts
     D:2: 721 daAuts
     D:1: 472 daAuts
     D:5: 278 daAuts
